 Dungeon Crawl Stone Soup version 0.26-a0-1191-ge2a0e31ab3 (webtiles) character file.

Game seed: 2015218225802893534

93 Azzok the Skirmisher (level 4, -5/36 HPs)
             Began as a Demonspawn Fighter on Dec 28, 2020.
             Was an Initiate of Makhleb.
             Slain by Grinder (7 damage)
             ... while paralysed by Grinder
             ... on level 3 of the Dungeon.
             The game lasted 00:02:19 (2337 turns).

Azzok the Skirmisher (Demonspawn Fighter)           Turns: 2337, Time: 00:02:19

Health: -5/36      AC:  9    Str: 17    XL:     4   Next: 36%
Magic:  4/4        EV:  2    Int: 10    God:    Makhleb [......]
Gold:   44         SH:  0    Dex: 12    Spells: 3/3 levels left

rFire    . . .     SeeInvis .   a - +0 war axe
rCold    . . .     Faith    .   c - +0 kite shield
rNeg     + . .     Spirit   .   m - +0 chain mail
rPois    .         Reflect  .   (helmet restricted)
rElec    .         Harm     .   t - scarf {repulsion}
rCorr    .         Rampage  .   (no gloves)
Will     .....                  (no boots)
Stlth    ..........             (no amulet)
HPRegen  0.12/turn              (no ring)
MPRegen  0.09/turn              j - ring of positive energy

@: paralysed, mighty, repel missiles
A: antennae 1
a: Renounce Religion


You were on level 3 of the Dungeon.
You worshipped Makhleb.
Makhleb was noncommittal.
You visited 1 branch of the dungeon, and saw 3 of its levels.

You collected 44 gold pieces.

Inventory:

Hand Weapons
 a - a +0 war axe (weapon)
Armour
 c - a +0 kite shield (worn)
 k - a scarf of repulsion
 m - a +0 chain mail (worn)
 t - a scarf of repulsion (worn)
Jewellery
 g - an uncursed ring of ice
 j - a ring of positive energy (right hand)
Scrolls
 e - 6 scrolls of identify {unknown}
 f - a scroll of blinking {unknown}
 l - a scroll of remove curse {unknown}
 n - 2 scrolls of teleportation {unknown}
 o - a scroll of noise {unknown}
 q - a scroll of magic mapping {unknown}
 r - a scroll of enchant weapon {unknown}
 u - a scroll of amnesia {unknown}
Potions
 b - a potion of brilliance {unknown}
 h - a potion of degeneration {unknown}
 i - a potion of attraction {unknown}
 p - a potion of heal wounds {unknown}
 s - 3 potions of curing {unknown}


   Skills:
 + Level 3.6 Fighting
 + Level 2.6 Axes
 + Level 3.3 Armour
 + Level 3.3 Shields


You had 3 spell levels left.
You didn't know any spells.
Your spell library was empty.

Dungeon Overview and Level Annotations

Branches:
Dungeon (3/15)

Altars:
Hepliaklqana
Makhleb
Vehumet

Annotations:
D:2 2 transporters
D:3 Grinder


Innate Abilities, Weirdness & Mutations

You have a pair of small antennae on your head.


Message History

You writhe in agony.
* * * LOW HITPOINT WARNING * * *
You barely miss Grinder.
Grinder is moderately wounded.
Your shield prevents you from hitting the goblin.
You block the goblin's attack. Grinder completely misses you.
The goblin hits you but does no damage. Grinder hits you but does no damage.
You barely miss Grinder.
Grinder is moderately wounded.
You slash the goblin!
You kill the goblin!
Makhleb accepts your kill. You block Grinder's attack.
You barely miss Grinder.
Grinder is moderately wounded.
Grinder hits you but does no damage. Grinder gestures at you.
You suddenly lose the ability to move!
Grinder hits you!
You die...

▒·▒·▒▒▒▒▒▒▒
···▒·▒·)†····▒
······▒▒▒▒▒▒▒·▒
·=···· ·^▒ ▒(▒
······▒▒▒·▒ ▒·▒
··········▒▒▒·▒
·············▒
▒··▒)▒5▒▒▒▒▒
▒····@·▒
▒·▒▒·▒▒▒ ▒····▒
▒▒▒▒▒▒


You could see Grinder.

Vanquished Creatures
  4 adders
  An ooze (D:1)
  A worm (D:2)
  3 dart slugs
  2 leopard geckos (D:1)
  An orc (D:3)
  A giant cockroach (D:1)
  A hobgoblin (D:1)
  A quokka (D:2)
  A ball python (D:3)
  7 bats
  A frilled lizard (D:1)
  10 goblins
  4 kobolds
  6 rats
44 creatures vanquished.

Notes
Turn   | Place    | Note
-------+----------+-------------------------------------------
     0 | D:1      | Azzok the Demonspawn Fighter began the quest for the Orb.
     0 | D:1      | Reached XP level 1. HP: 18/18 MP: 1/1
   212 | D:1      | Gained mutation: You have a pair of small antennae on your
                  | head. [demonic ancestry]
   212 | D:1      | Reached XP level 2. HP: 23/24 MP: 2/2
  1040 | D:2      | Found a transporter.
  1046 | D:2      | Found a hazy altar of Hepliaklqana.
  1061 | D:2      | Reached XP level 3. HP: 24/29 MP: 3/3
  1202 | D:2      | Found a burning altar of Makhleb.
  1204 | D:2      | Found a radiant altar of Vehumet.
  1443 | D:2      | Became a worshipper of Makhleb the Destroyer
  1471 | D:2      | Found a transporter.
  2018 | D:3      | Reached XP level 4. HP: 35/35 MP: 4/4
  2288 | D:3      | Noticed Grinder
  2306 | D:3      | Paralysed by Grinder for 2 turns
  2313 | D:3      | Paralysed by Grinder for 6 turns
  2327 | D:3      | Paralysed by Grinder for 5 turns
  2333 | D:3      | HP: 1/36 [Grinder (2)]
  2336 | D:3      | Paralysed by Grinder for 7 turns
  2337 | D:3      | Slain by Grinder

Illustrated notes

Levels and vault maps discovered:
D:1:      dpeg_arrival_signposts, layout_basic, minmay_domino_2
D:2:      layout_basic, chequers_temple_overflow_statue_of_worship,
          gammafunk_temple_overflow_arena
D:3:      layout_basic, uniq_grinder

Skill      XL: |  1  2 |
---------------+-------+-----
Axes           | 2 |  2.6
Shields        | 3 |  3.3
Armour         | 3 |  3.3
Fighting       | |  3.6

Action                   |  1- 3 |  4- 6 || total
-------------------------+-------+-------++-------
Melee: War axe           |    96 |    38 ||   134
  Use: Potion            |       |     1 ||     1
Armor: Scale mail        |    23 |       ||    23
       Chain mail        |    28 |    34 ||    62
Dodge: Dodged            |    28 |     3 ||    31
       Repelled          |     1 |       ||     1
Block: Kite shield       |    51 |    21 ||    72

Table legend: (Time is in decaauts)
 A = Elapsed time spent in this place.
 B = Non-inter-level travel time spent in this place.
 C = Inter-level travel time spent in this place.
 D = Time resting spent in this place.
 E = Time spent auto-exploring this place.
 F = Levels seen in this place.
 G = Mean time per level.
                   A        B        C        D        E       F      G
               +--------+--------+--------+--------+--------+-----+--------+
         Total |   2398 |   2221 |    177 |    153 |   1595 |   3 |  799.3 |
       Dungeon |   2398 |   2221 |    177 |    153 |   1595 |   3 |  799.3 |
               +--------+--------+--------+--------+--------+-----+--------+

Top non-repeatable levels by time:
     D:1: 1025 daAuts
     D:2: 982 daAuts
     D:3: 389 daAuts
